 Dungeon Crawl Stone Soup version 0.19.1 (webtiles) character file.

77 ARFLORD the Conjurer (level 4, -1/25 HPs)
             Began as a Deep Elf Conjurer on Dec 25, 2016.
             Killed by divine providence
             ... invoked by an orc priest
              (14 damage)
             ... on level 3 of the Dungeon.
             The game lasted 00:06:18 (2533 turns).

ARFLORD the Conjurer (Deep Elf Conjurer)            Turns: 2533, Time: 00:06:19

Health: -1/25      AC:  2    Str:  5    XL:     4   Next: 13%
Magic:  10/10      EV: 13    Int: 20    God:
Gold:   79         SH:  0    Dex: 16    Spells: 3 memorised, 3 levels left

rFire  . . .     SeeInvis .     h - +1 short sword (venom)
rCold  . . .     Gourm    .     a - +0 robe
rNeg   . . .     Faith    .     (no shield)
rPois  .         Spirit   .     (no helmet)
rElec  .         Reflect  .     (no cloak)
rCorr  .         Harm     .     (no gloves)
MR     .....                    (no boots)
Stlth  +++.......               (no amulet)
                                (no ring)
                                (no ring)

@: no status effects
A: no striking features
a: no special abilities


You were on level 3 of the Dungeon.
You were not hungry.

You visited 1 branch of the dungeon, and saw 3 of its levels.

You collected 79 gold pieces.

Inventory:

Hand Weapons
 e - a +0 dagger of venom
 h - a +1 short sword of venom (weapon)
Armour
 a - a +0 robe (worn)
Scrolls
 f - a scroll of teleportation {unknown}
 g - 2 scrolls of magic mapping {unknown}
 i - 4 scrolls of identify
 m - a scroll of amnesia {unknown}
 p - a scroll of fear {unknown}
 r - a scroll of fog {unknown}
 w - a scroll of recharging {unknown}
 x - a scroll of enchant armour {unknown}
Potions
 d - a potion of heal wounds
 j - a potion of cure mutation {unknown}
 k - a potion of magic {unknown}
 l - a potion of experience {unknown}
 n - 3 potions of flight {unknown}
 o - a potion of haste {unknown}
 q - a potion of curing {unknown}
 s - 3 potions of might {unknown}
 t - a potion of resistance {unknown}
Books
 b - a book of Conjurations

   Spells                             Type                      Level
   a - Magic Dart                     Conjuration                  1
   b - Searing Ray                    Conjuration                  2
   c - Dazzling Spray                 Conjuration/Hexes            3
   d - Fulminant Prism                Conjuration/Hexes            4
   e - Iskenderun's Mystic Blast      Conjuration                  4
   f - Iskenderun's Battlesphere      Conjuration/Charms           5
Comestibles
 c - a bread ration
 u - a meat ration


   Skills:
 + Level 1.2 Fighting
 - Level 2.0 Short Blades
 - Level 2.4 Dodging
 - Level 4.2 Stealth
 - Level 3.0 Spellcasting
 - Level 4.3 Conjurations


You had 3 spell levels left.
You knew the following spells:

 Your Spells              Type           Power        Failure   Level  Hunger
a - Magic Dart            Conj           ###.         2%          1    None
b - Searing Ray           Conj           ###...       3%          2    ##.....
c - Dazzling Spray        Conj/Hex       ##....       21%         3    ###....


Dungeon Overview and Level Annotations

Branches:
Dungeon (3/15)

Altars:

Annotations:
D:3 Grinder, Natasha


Message History

You climb downwards.
Level annotation: Grinder, Natasha
There is a stone staircase leading up here.
The goblin shouts!
The orc shouts!
You hit the orc priest but do no damage.
The orc priest hits you with a whip.
You hit the orc priest.
The orc priest is poisoned.
The orc priest is lightly wounded.
The orc priest hits you with a whip.
You hit the orc priest.
The orc priest looks as sick as possible!
The orc priest is heavily wounded.
The orc priest mumbles some strange prayers to Beogh against you.
You barely resist. The orc barely misses you.
You closely miss the orc priest.
The orc priest is almost dead.
The orc priest calls down the wrath of Beogh upon you.
Beogh smites you!
Ouch! That really hurt!
You die...

#...........
#.g........
#...og...##
.o.g...# ##
#......# #.
#).....#
#..####[)....#
#..#....######
#...@o..#
#.##.o..#
#.......#
######..#
#..... #.#####
#.. .


You could see an orc priest and an orc.

Vanquished Creatures
  Robin (D:3)
  An ooze (D:1)
  A worm (D:2)
  2 dart slugs (D:1)
  An orc (D:2)
  A ball python (D:3)
  A giant cockroach (D:1)
  6 goblins
  9 hobgoblins
  2 jackals (D:2)
  10 kobolds (D:1)
  6 bats
  11 rats
52 creatures vanquished.

Notes
Turn   | Place    | Note
-------+----------+-------------------------------------------
     0 | D:1      | ARFLORD the Deep Elf Conjurer began the quest for the Orb.
     0 | D:1      | Reached XP level 1. HP: 10/10 MP: 6/6
   174 | D:1      | Reached XP level 2. HP: 15/15 MP: 2/8
   178 | D:1      | Learned a level 2 spell: Searing Ray
   813 | D:1      | Reached skill level 1 in Short Blades
   813 | D:1      | Reached XP level 3. HP: 19/19 MP: 9/9
   818 | D:1      | Learned a level 3 spell: Dazzling Spray
  1925 | D:3      | Noticed Robin
  2054 | D:3      | Noticed Natasha
  2054 | D:3      | Noticed Grinder
  2152 | D:3      | Killed Robin
  2152 | D:3      | Reached skill level 1 in Fighting
  2152 | D:3      | Reached XP level 4. HP: 11/25 MP: 5/10
  2533 | D:3      | Killed from afar by an orc priest

Skill      XL: |  1  2  3 |
---------------+----------+-----
Stealth        | 3 4 |  4.2
Short Blades   | 1 2 |  2.0
Fighting       | 1 |  1.2
Dodging        | |  2.4
Spellcasting   | |  3.0
Conjurations   | |  4.3

Action                   |  1- 3 |  4- 6 || total
-------------------------+-------+-------++-------
Melee: Short sword       |    57 |    19 ||    76
       Dagger            |    15 |       ||    15
 Cast: Magic Dart        |    24 |       ||    24
       Searing Ray       |     1 |       ||     1
  Use: Scroll            |     1 |       ||     1
 Stab: Sleeping          |    10 |       ||    10
  Eat: Chunk             |     2 |     2 ||     4
       Pizza             |     1 |       ||     1
Armor: Robe              |    13 |     2 ||    15
Dodge: Dodged            |    47 |    14 ||    61
